AoeStats
← Fraise le conquérant

Black Forest

505938322Analyzed
2v2 RM · 21d ago on Sep 11, 2026· 64m 23s· 4 players
Game mode
Random Map
Map size
Medium (4 player)
Population
200
Speed
Normal
Resources
Standard
Victory
Conquest
Starting age
Dark Age
Ending age
Imperial Age
RankedLock teamsTeams togetherTeam positionsShared explorationLock speedFull tech treeHidden civsTurbo modeCheats
Victory
Defeat
🇫🇷 Ethiopians · France
886
+14
🇫🇷 Franks · France
878
+14
🇦🇷 Koreans · Argentina
851
-15
🇸🇮 Celts · Slovenia
826
-13
bibi
0:28 Loom
14:25 Feudal Age
15:17 Double-Bit Axe
17:06 Gold Mining
23:21 Castle Age
21:36 Stone Mining
22:12 Horse Collar
22:48 Man-at-Arms
23:14 Arson
23:47 Forging
23:39 Scale Mail Armor
24:47 Heavy Plow
25:13 Bow Saw
25:08 Long Swordsman
25:38 Gambesons
27:32 Pikeman
31:03 Gold Shaft Mining
31:16 Stone Shaft Mining
34:10 Chain Mail Armor
34:36 Iron Casting
40:21 Imperial Age
38:30 Wheelbarrow
38:45 Caravan
39:26 Coinage
41:09 Onager
41:14 Capped Ram
41:18 Heavy Scorpion
41:29 Two-Handed Swordsman
43:34 Furor Celtica
43:45 Conscription
43:18 Stronghold
44:04 Champion
45:42 Plate Mail Armor
46:14 Blast Furnace
45:58 Siege Ram
47:50 Halberdier
63:19 Hand Cart
62:49 Town Watch
wanitaa
10:58 Feudal Age
10:20 Loom
15:25 Castle Age
17:26 Wheelbarrow
16:43 Double-Bit Axe
17:11 Horse Collar
23:33 Heavy Plow
29:23 Imperial Age
28:03 Hand Cart
28:12 Bow Saw
30:02 Ballistics
29:49 Town Watch
31:08 Two-Man Saw
30:02 Gold Mining
30:08 Stone Mining
32:02 Forging
31:52 Scale Mail Armor
31:57 Scale Barding Armor
31:43 Fletching
31:59 Caravan
32:19 Squires
33:45 Town Patrol
34:10 Conscription
35:09 Iron Casting
34:49 Chain Mail Armor
34:54 Chain Barding Armor
35:06 Elite War Wagon
35:56 Light Cavalry
36:38 Husbandry
36:57 Hussar
38:21 Chain Mail Armor
39:26 Chemistry
40:06 Plate Mail Armor
39:56 Chain Barding Armor
40:11 Chain Barding Armor
42:54 Elite Skirmisher
44:12 Pikeman
46:15 Halberdier
Fraise le conquérant
0:29 Loom
13:09 Feudal Age
13:55 Double-Bit Axe
17:25 Gold Mining
20:12 Castle Age
19:39 Stone Mining
20:35 Wheelbarrow
21:54 Bow Saw
27:42 Gold Shaft Mining
28:25 Hand Cart
32:11 Imperial Age
30:37 Scale Barding Armor
30:45 Town Watch
31:52 Murder Holes
33:18 Conscription
33:48 Forging
33:59 Chain Barding Armor
33:51 Chivalry
34:37 Onager
34:56 Cavalier
37:51 Husbandry
38:37 Iron Casting
37:56 Fletching
39:34 Caravan
39:07 Paladin
40:26 Plate Barding Armor
40:52 Blast Furnace
43:18 Chivalry
43:19 Bodkin Arrow
44:35 Fortified Wall
44:30 Siege Engineers
53:19 Man-at-Arms
53:25 Light Cavalry
54:15 Long Swordsman
54:52 Long Swordsman
55:39 Scale Mail Armor
55:27 Two-Handed Swordsman
56:28 Squires
56:17 Champion
Germain
11:41 Feudal Age
12:57 Wheelbarrow
12:10 Double-Bit Axe
17:17 Castle Age
15:22 Horse Collar
18:33 Bow Saw
18:27 Heavy Plow
20:35 Town Watch
25:12 Gold Mining
25:13 Stone Mining
27:47 Gold Shaft Mining
28:49 Stone Shaft Mining
31:22 Imperial Age
29:15 Hand Cart
28:47 Loom
29:16 Fortified Wall
29:07 Murder Holes
29:51 Fletching
30:01 Padded Archer Armor
30:02 Scale Mail Armor
30:12 Forging
31:04 Bodkin Arrow
31:26 Squires
31:13 Arson
33:07 Chemistry
32:00 Onager
32:47 Town Patrol
35:24 Two-Man Saw
34:58 Bracer
35:14 Leather Archer Armor
35:15 Chain Mail Armor
35:35 Iron Casting
34:51 Crossbowman
37:06 Siege Engineers
37:10 Torsion Engines
36:55 Elite Shotel Warrior
38:03 Ballistics
37:55 Masonry
37:20 Cavalier
38:01 Husbandry
38:39 Plate Mail Armor
38:40 Ring Archer Armor
38:16 Scale Barding Armor
37:41 Crossbowman
38:40 Caravan
40:05 Thumb Ring
63:56 Spies/Treason
Connection lost

Rejoining the realm…

Still unreachable

The connection could not be restored.

Session expired

The server has moved on; the page needs a fresh start.